 Dungeon Crawl Stone Soup version 0.30-a0-457-g4b7bca3bfa (webtiles) character file.

Game seed: 2484638965221049258

12642 Jackthecabe the Destroyer (level 11, -6/84 HPs)
             Began as a Demigod Conjurer on Dec 13, 2022.
             Killed from afar by Lodul (29 damage)
             ... with a bolt of lightning
             ... on level 11 of the Dungeon.
             The game lasted 00:35:35 (17273 turns).

Jackthecabe the Destroyer (Demigod Conjurer)       Turns: 17273, Time: 00:35:36

Health: -6/84      AC: 12    Str: 11    XL:     11   Next: 38%
Magic:  0/20       EV: 13    Int: 32    God:
Gold:   642        SH:  0    Dex: 12    Spells: 11/18 levels left

rFire   . . .      SeeInvis .    (no weapon)
rCold   . . .      Faith    .    (no shield)
rNeg    . . .      Spirit   .    a - +0 robe
rPois   .          Reflect  .    x - +0 helmet
rElec   .          Harm     .    N - +2 cloak {rCorr}
rCorr   +          Rampage  .    s - +2 pair of gloves {Str+3}
Will    +....                    u - +1 pair of boots
Stlth   ++........               (no amulet)
HPRegen 0.34/turn                (no ring)
MPRegen 0.17/turn                (no ring)

@: no status effects
A: high MP 1, forlorn, divine attributes
a: no special abilities


You were on level 11 of the Dungeon.
You visited 1 branch of the dungeon, and saw 11 of its levels.
You also visited: Ossuary.

You collected 642 gold pieces.


Innate Abilities, Weirdness & Mutations

You have an increased reservoir of magic. (+10% MP)
You shall have no god before yourself.
Your divine heritage dramatically boosts your attributes as you level up.


   Skills:
 + Level 4.0 Fighting
 - Level 4.0 Armour
 - Level 5.0 Dodging
 - Level 1.7 Stealth
 - Level 4.0 Spellcasting
 - Level 8.0 Conjurations
 - Level 6.0 Hexes
 - Level 8.0 Ice Magic
 - Level 8.0 Air Magic
 - Level 3.0 Evocations


You had 11 spell levels left.
You knew the following spells:

 Your Spells              Type           Power      Damage    Failure   Level
f - Fulminant Prism       Conj/Hex       25%        3d14      3%          4
m - Magic Dart            Conj           100%       1d8       1%          1
s - Searing Ray           Conj           100%       2d8       1%          2

Your spell library contained the following spells:

 Spells                   Type           Power      Damage    Failure   Level
 Dazzling Flash           Conj/Hex       100%       N/A       1%          3
 Hailstorm                Conj/Ice       55%        3d12      1%          3
 Mephitic Cloud           Conj/Pois/Air  40%        N/A       1%          3
 Tukima's Dance           Hex            44%        N/A       1%          3
 Portal Projectile        Hex/Tloc       50%        N/A       4%          3
 Call Imp                 Summ           6%         N/A       9%          2
 Ice Form                 Ice/Tmut       32%        N/A       11%         4
 Iskenderun's Mystic Bla  Conj/Tloc      32%        2d8       11%         4
 Blade Hands              Tmut           3%         N/A       83%         5
 Simulacrum               Ice/Necr       16%        N/A       86%         6

Inventory:

Missiles
 b - 2 throwing nets {=f}
Armour
 a - a +0 robe (worn)
 s - a +2 pair of gloves of strength (worn)
 u - a +1 pair of boots (worn)
 x - a +0 helmet (worn)
 I - a +0 cloak
 N - a +2 cloak of preservation (worn)
Magical Staves
 t - a staff of air {!a}
Jewellery
 r - an amulet of reflection
 C - a ring of ice
 F - a ring of fire
Wands
 D - a wand of light (3)
 K - a wand of roots (12)
 L - a wand of mindburst (7)
 S - a wand of flame (11)
 T - a wand of charming (1)
 U - a wand of digging (7)
Scrolls
 e - 2 scrolls of teleportation {unknown}
 f - 14 scrolls of identify {unknown}
 h - 2 scrolls of blinking {unknown}
 m - 2 scrolls of vulnerability {unknown}
 n - 3 scrolls of fear
 p - 4 scrolls of immolation {unknown}
 q - 5 scrolls of enchant armour
 w - 5 scrolls of amnesia
 y - 2 scrolls of enchant weapon {unknown}
 z - 3 scrolls of magic mapping {unknown}
 A - a scroll of silence {unknown}
 E - 3 scrolls of noise {unknown}
 H - a scroll of fog {unknown}
 J - 2 scrolls of poison {unknown}
 M - a scroll of brand weapon {unknown}
 Q - a scroll of acquirement {unknown}
Potions
 c - 3 potions of curing {@q1}
 d - 3 potions of might {unknown}
 g - 3 potions of degeneration {unknown}
 i - 4 potions of flight {unknown}
 j - 2 potions of mutation {unknown}
 k - 2 potions of ambrosia {unknown}
 l - 2 potions of cancellation {unknown}
 o - a potion of invisibility {unknown}
 v - 2 potions of brilliance {unknown}
 B - a potion of berserk rage {unknown}
 G - 5 potions of heal wounds {unknown}
 O - a potion of lignification {unknown}
 P - a potion of haste {unknown}
 R - 2 potions of resistance {unknown}

Dungeon Overview and Level Annotations

Branches:
Dungeon (11/15)            Temple (0/1) D:6            Lair (0/5) D:8
    Orc (0/2) D:9         Ossuary (visited)

Shops:
D:6 :   D:11 *

Annotations:
D:2 1 runed translucent door, Crazy Yiuf
D:11 Lodul

#......▒ #......▒▒
#....... #...... ..▒
#..#.####...▒▒▒▒
#.......#......▒▒▒
.######...#...#.........
...?...@..○...#.........
#######o#.°.#.#.........
#.o○O.............
#...#.............
#...........))....
###....###########
######


You could see Lodul and 2 orcs.


Message History

The fire bat barely misses you.
The searing ray hits the orc.
The orc is almost dead.
The searing ray hits the fire bat!
The fire bat is almost dead.
The fire bat bites you.
* * * LOW HITPOINT WARNING * * *
You are engulfed in flames!
* * * LOW HITPOINT WARNING * * *
The orc hits you but does no damage. x2
Casting: Searing Ray (safe; 1% risk of failure)
Confirm with . or Enter, or press ? or * to list all spells.
Okay, then.
The searing ray hits the fire bat!
You kill the fire bat!
The orc hits you but does no damage. x2
Training target 3.0 for Evocations reached!
Your Evocations skill increases to level 3!
You need to enable at least one skill for training.
The orc hits you with a +0 dagger.
* * * LOW HITPOINT WARNING * * *
The orc misses you. The orc attacks as you move away!
The orc hits you but does no damage. The orc closely misses you.
The orc attacks as you move away! The orc hits you but does no damage.
Found a scroll labelled BIM NO ATRO.
The orc attacks as you move away! The orc closely misses you.
Electricity crackles from Lodul's apparatus.
The bolt of lightning hits you!!
You die...

Skill      XL: |  1  2  3  4  5  6  7  8  9 10 11 |
---------------+----------------------------------+-----
Spellcasting   | 2 3 4 |  4.0
Conjurations   | 4 5 6 7 8 |  8.0
Hexes          | 2 4 6 |  6.0
Ice Magic      | 4 6 8 |  8.0
Air Magic      | 4 6 8 |  8.0
Fighting       | 4 |  4.0
Armour         | 3 4 |  4.0
Dodging        | 2 5 |  5.0
Evocations     | 3 |  3.0
Stealth        | |  1.7

Action                   |  1- 3 |  4- 6 |  7- 9 | 10-12 || total
-------------------------+-------+-------+-------+-------++-------
Melee: Unarmed           |   110 |       |     1 |    40 ||   151
       Punch             |       |       |       |     1 ||     1
 Cast: Magic Dart        |   111 |    78 |   156 |   172 ||   517
       Searing Ray       |     1 |    10 |    50 |    67 ||   128
       Fulminant Prism   |       |     5 |    22 |    63 ||    90
Evoke: Wand              |       |       |     9 |       ||     9
  Use: Potion            |       |     2 |     1 |       ||     3
       Scroll            |       |       |       |     3 ||     3
Armor: Robe              |    19 |     2 |    77 |   120 ||   218
Dodge: Dodged            |    72 |    13 |   123 |   211 ||   419

Levels and vault maps discovered:
D:1:      dpeg_chamrin_arrival_tetris, layout_basic
D:2:      minmay_angry_zag, layout_rooms, minmay_pentomino_w4,
          uniq_crazy_yiuf_cottage
D:3:      layout_rooms, pf_just_have_faith, mainiacjoe_overflow_tiny_flanked,
          mainiacjoe_overflow_two_lobes
D:4:      layout_cave_pools, mainiacjoe_overflow_boulevard, abandoned_shop,
          kennysheep_generic_room_2
D:5:      layout_rooms
D:6:      layout_rooms, kennysheep_little_box, temple_fountains, serial_shops,
          shop_statue
D:7:      layout_cave_pods, nicolae_overflow_crystal_walls,
          mainiacjoe_overflow_chevrons, lightli_ossuary_entry_decrepit_ruins
D:8:      layout_rooms, minmay_lair_entry_grove, grunt_decor_one_mirror,
          uniq_joseph
D:9:      layout_stronghold, nicolae_yredelemnul_corpse_copse,
          nicolae_qazlal_general_emergency, david_orc_2
D:10:     layout_basic, kiku_gazebo_pond_becter, mainiacjoe_overflow_24_doors,
          mainiacjoe_overflow_concentric_impassable
D:11:     due_megacathedral, layout_irregular_city, nicolae_blasting_shop,
          kennysheep_decorative_pillar, hangedman_decor_peaks_small,
          kennysheep_pointless_box, chequers_serial_rivers_micro_e, uniq_lodul

Notes
Turn   | Place    | Note
-------+----------+-------------------------------------------
     0 | D:1      | Jackthecabe the Demigod Conjurer began the quest for the
                  | Orb.
     0 | D:1      | Reached XP level 1. HP: 14/14 MP: 5/5
   125 | D:1      | Reached skill level 2 in Spellcasting
   331 | D:1      | Reached XP level 2. HP: 20/20 MP: 5/7
   549 | D:1      | Reached skill level 4 in Conjurations
  1158 | D:1      | Reached XP level 3. HP: 26/26 MP: 7/9
  1981 | D:2      | Learned a level 2 spell: Searing Ray
  2233 | D:2      | Found a runed translucent door.
  2234 | D:2      | Noticed Crazy Yiuf
  2436 | D:3      | Reached skill level 3 in Spellcasting
  2436 | D:3      | Reached XP level 4. HP: 33/33 MP: 4/11
  3188 | D:3      | Reached skill level 5 in Conjurations
  3316 | D:3      | Learned a level 4 spell: Fulminant Prism
  3565 | D:4      | Reached XP level 5. HP: 38/38 MP: 4/12
  3686 | D:4      | Reached skill level 1 in Hexes
  4157 | D:4      | Reached skill level 2 in Hexes
  4360 | D:5      | Entered Level 5 of the Dungeon
  4377 | D:5      | Noticed an ogre
  4388 | D:5      | Noticed an ogre
  4389 | D:5      | Killed an ogre
  4390 | D:5      | Reached XP level 6. HP: 12/45 MP: 6/13
  4397 | D:5      | Reached skill level 6 in Conjurations
  4397 | D:5      | Reached skill level 3 in Hexes
  4616 | D:5      | Reached skill level 4 in Hexes
  4683 | D:5      | Reached XP level 7. HP: 43/50 MP: 0/14
  4899 | D:5      | Reached skill level 5 in Hexes
  5380 | D:5      | Reached skill level 6 in Hexes
  5517 | D:6      | Found a staircase to the Ecumenical Temple.
  5581 | D:6      | Found Piby's Book Boutique.
  5861 | D:6      | Noticed a vampire
  6009 | D:6      | Killed a vampire
  6010 | D:6      | Reached skill level 7 in Conjurations
  6010 | D:6      | Reached XP level 8. HP: 57/57 MP: 7/15
  6354 | D:7      | Reached skill level 8 in Conjurations
  6357 | D:7      | Reached skill level 1 in Ice Magic
  6357 | D:7      | Reached skill level 1 in Air Magic
  6661 | D:6      | Reached skill level 2 in Ice Magic
  6661 | D:6      | Reached skill level 2 in Air Magic
  6771 | D:7      | Found a sand-covered staircase.
  6779 | Ossuary  | Entered an ossuary
  7563 | Ossuary  | Reached skill level 3 in Ice Magic
  7563 | Ossuary  | Reached skill level 3 in Air Magic
  7848 | Ossuary  | Noticed a silent spectre
  7990 | D:7      | Noticed a hornet
  7997 | D:7      | Killed a hornet
  7998 | D:7      | Reached skill level 4 in Ice Magic
  7998 | D:7      | Reached skill level 4 in Air Magic
  7998 | D:7      | Reached XP level 9. HP: 52/62 MP: 2/16
  8134 | D:7      | Identified the +2 plate armour of Evolution {rF+ rC+}
  9180 | D:7      | Reached skill level 5 in Ice Magic
  9180 | D:7      | Reached skill level 5 in Air Magic
  9817 | D:8      | Noticed Joseph
  9829 | D:8      | Killed Joseph
 10207 | D:7      | Reached skill level 6 in Ice Magic
 10207 | D:7      | Reached skill level 6 in Air Magic
 10497 | D:8      | Noticed a two-headed ogre
 10518 | D:8      | Killed a two-headed ogre
 10519 | D:8      | Reached XP level 10. HP: 69/69 MP: 3/17
 10858 | D:7      | Reached skill level 7 in Ice Magic
 10858 | D:7      | Reached skill level 7 in Air Magic
 11908 | D:8      | Found a staircase to the Lair.
 12045 | D:8      | Reached skill level 8 in Ice Magic
 12045 | D:8      | Reached skill level 8 in Air Magic
 12047 | D:8      | Reached skill level 1 in Fighting
 12651 | D:9      | Reached skill level 2 in Fighting
 12863 | D:9      | Found a staircase to the Orcish Mines.
 13118 | D:9      | Reached skill level 4 in Spellcasting
 13207 | D:9      | Reached skill level 3 in Fighting
 13667 | D:9      | Reached skill level 4 in Fighting
 13852 | D:9      | Reached skill level 1 in Armour
 14096 | D:10     | Entered Level 10 of the Dungeon
 14096 | D:10     | Noticed a two-headed ogre
 14286 | D:9      | Reached skill level 2 in Armour
 14754 | D:10     | Killed a two-headed ogre
 14755 | D:10     | Reached skill level 3 in Armour
 14755 | D:10     | Reached skill level 2 in Dodging
 14755 | D:10     | Reached XP level 11. HP: 81/84 MP: 2/20
 15329 | D:10     | Reached skill level 3 in Dodging
 15624 | D:10     | Paralysed by a hornet for 3 turns
 15904 | D:11     | Reached skill level 4 in Dodging
 16381 | D:11     | Reached skill level 4 in Armour
 16518 | D:11     | Identified the +4 plate armour "Lyumum" {rN+++ Int+2}
 16719 | D:11     | Noticed a two-headed ogre
 16853 | D:11     | Reached skill level 5 in Dodging
 16906 | D:10     | Reached skill level 1 in Evocations
 17213 | D:11     | Reached skill level 2 in Evocations
 17220 | D:11     | Noticed Lodul
 17253 | D:11     | Found Vankiuqy's Demolitions Depot.
 17270 | D:11     | Reached skill level 3 in Evocations
 17273 | D:11     | Killed from afar by Lodul

Vanquished Creatures
  2 two-headed ogres
  Joseph (D:8)
  2 unseen horror zombies (D:9)
  A troll (D:11)
  3 hornets
  9 yaks
  2 vampires
  2 shadows
  3 wyverns
  A basilisk (D:8)
  7 wraiths
  7 fire bats
  5 water moccasins
  2 orc warriors
  3 black bears
  7 ogres
  3 wolves
  3 centaurs
  A phantom (D:4)
  2 kobold brigands
  2 bullfrogs (D:7)
  3 gnoll sergeants
  A necrophage (D:5)
  4 scorpions
  11 wights
  6 killer bees (D:7)
  2 howler monkeys
  A bullfrog zombie (Ossuary)
  11 centaur zombies
  3 jellies
  2 orc priests
  4 hounds
  2 iguanas
  12 orc wizards
  2 scorpion zombies (Ossuary)
  A killer bee zombie (D:9)
  An ogre zombie (Ossuary)
  A mummy (Ossuary)
  A howler monkey zombie (D:9)
  16 gnolls
  6 adders
  A white imp (D:7)
  2 adder zombies (Ossuary)
  3 dart slugs
  28 orcs
  6 ball pythons
  11 endoplasms
  3 giant cockroaches
  7 hobgoblins
  12 jackals
  2 quokkas
  28 bats
  4 frilled lizards
  4 gnoll zombies (Ossuary)
  9 goblins
  5 goblin zombies (Ossuary)
  3 hobgoblin zombies (Ossuary)
  20 kobolds
  2 orc zombies (Ossuary)
  5 rats
313 creatures vanquished.

Vanquished Creatures (others)
  90 fulminant prisms
  9 fungi
  18 plants (D:8)
117 creatures vanquished.

Grand Total: 430 creatures vanquished

Table legend: (Time is in decaauts)
 A = Elapsed time spent in this place.
 B = Non-inter-level travel time spent in this place.
 C = Inter-level travel time spent in this place.
 D = Time resting spent in this place.
 E = Time spent auto-exploring this place.
 F = Levels seen in this place.
 G = Mean time per level.
                   A        B        C        D        E       F      G
               +--------+--------+--------+--------+--------+-----+--------+
         Total |  17344 |  16664 |    680 |   5381 |   8990 |  12 | 1445.3 |
       Dungeon |  16237 |  15557 |    680 |   5224 |   8225 |  11 | 1476.1 |
       Ossuary |   1107 |   1107 |      0 |    157 |    765 |   1 | 1107.0 |
               +--------+--------+--------+--------+--------+-----+--------+

Top non-repeatable levels by time:
     D:7: 3822 daAuts
     D:9: 2113 daAuts
     D:1: 1643 daAuts
    D:10: 1558 daAuts
     D:8: 1117 daAuts
     D:2: 1112 daAuts
 Ossuary: 1107 daAuts
    D:11: 1094 daAuts
     D:6: 1040 daAuts
     D:4: 1023 daAuts
     D:5: 924 daAuts
     D:3: 786 daAuts

Table legend:
 A = Non-vault XP
 B = Vault XP
 C = Vault XP percentage of total XP
 D = Non-vault monster count
 E = Vault monster count
 F = Vault count percentage of total count
                 A         B        C        D         E       F
            +---------+---------+-------+---------+---------+-------
      Total |   12383 |    5677 |  31.4 |     233 |      80 |  25.6
            +---------+---------+-------+---------+---------+-------
        D:1 |      57 |       2 |   3.4 |      31 |       1 |   3.1
        D:2 |      41 |      24 |  36.9 |      10 |      10 |  50.0
        D:3 |      64 |       0 |   0.0 |      14 |       0 |   0.0
        D:4 |     116 |     110 |  48.7 |      17 |       3 |  15.0
        D:5 |     909 |       0 |   0.0 |      19 |       0 |   0.0
        D:6 |     501 |       0 |   0.0 |       5 |       0 |   0.0
        D:7 |    2920 |     278 |   8.7 |      43 |       2 |   4.4
        D:8 |    2232 |    2016 |  47.5 |      22 |      11 |  33.3
        D:9 |    1249 |    1187 |  48.7 |      11 |      16 |  59.3
       D:10 |    2017 |       0 |   0.0 |      14 |       0 |   0.0
       D:11 |    2277 |    1513 |  39.9 |      47 |       9 |  16.1
    Ossuary |       0 |     547 | 100.0 |       0 |      28 | 100.0
            +---------+---------+-------+---------+---------+-------
